 Dungeon Crawl Stone Soup version 0.19.0-24-gb05acd6 (console) character file.

2 Jesseh the Magician (level 1, 0/13 HPs)
             Began as a Demonspawn Wizard on Nov 21, 2016.
             Killed from afar by a dart slug (3 damage)
             ... with a slug dart
             ... on level 1 of the Dungeon.
             The game lasted 00:00:43 (63 turns).

Jesseh the Magician (Demonspawn Wizard)               Turns: 63, Time: 00:00:43

Health: 0/13       AC:  2    Str:  7    XL:     1   Next: 33%
Magic:  1/4        EV: 12    Int: 19    God:
Gold:   0          SH:  0    Dex: 11    Spells: 1 memorised, 5 levels left

rFire  . . .     SeeInvis .     (no weapon)
rCold  . . .     Gourm    .     a - +0 robe
rNeg   . . .     Faith    .     (no shield)
rPois  .         Spirit   .     b - +0 hat
rElec  .         Reflect  .     (no cloak)
rCorr  .         Harm     .     (no gloves)
MR     .....                    (no boots)
Stlth  ++........               (no amulet)
                                (no ring)
                                (no ring)

@: very slightly contaminated
A: no striking features
a: no special abilities


You were on level 1 of the Dungeon.
You were not hungry.

You visited 1 branch of the dungeon, and saw 1 of its levels.

Inventory:

Armour
 a - a +0 robe (worn)
 b - a +0 hat (worn)
Books
 c - a book of Minor Magic
Comestibles
 d - a bread ration
 f - 3 fruits


   Skills:
 - Level 1.7 Dodging
 - Level 1.7 Stealth
 - Level 3.0 Spellcasting
 + Level 1.4 Conjurations
   Level 1.0 Summonings
   Level 0.8 Translocations


You had 5 spell levels left.
You knew the following spells:

 Your Spells              Type           Power        Failure   Level  Hunger
a - Magic Dart            Conj           #...         10%         1    None


Dungeon Overview and Level Annotations

Branches:
Dungeon (1/15)

Altars:


Message History

Welcome, Jesseh the Demonspawn Wizard.
Will you prevail where others failed? Will you find the Orb of Zot?
Found a staircase leading out of the dungeon.
Currently training: Conjurations(1).
Choose a target skill level: You open the door.
There is an open door here.
There is a fountain of clear blue water here.
There is an open door here.
You open the large door.
There is a large open door here.
f - 3 fruits A goblin comes into view. It is wielding a club.
Aim: a goblin, wielding a club (resting)
The magic dart hits the goblin.
The goblin shouts!
Aim: a goblin, wielding a club (moderately wounded)
The magic dart hits the goblin.
You kill the goblin!
A goblin comes into view. It is wielding a club.
Aim: a goblin, wielding a club (hasn't noticed you)
The magic dart hits the goblin.
The goblin shouts!
Aim: a goblin, wielding a club (severely wounded)
The magic dart hits the goblin.
You kill the goblin!
A dart slug comes into view.
You don't have enough magic to cast that spell.
Unknown command.
Aim: a dart slug The magic dart hits the dart slug.
The dart slug launches a dart at you. The slug dart hits you!
Aim: a dart slug (moderately wounded)
You miscast Magic Dart.
You are very lightly contaminated with residual magic.
Nothing appears to happen.
You don't have enough magic to cast that spell.
Unknown command.
The dart slug launches a dart at you. The slug dart hits you!
* * * LOW HITPOINT WARNING * * *
You hit the dart slug. The dart slug barely misses you.
You hit the dart slug but do no damage. The dart slug launches a dart at you.
The slug dart misses you.
You hit the dart slug but do no damage. You hit the dart slug.
The dart slug barely misses you.
You hit the dart slug. The dart slug launches a dart at you.
The slug dart misses you.
You hit the dart slug but do no damage. The dart slug launches a dart at you.
The slug dart hits you!
You die...

▒⌠..▒....▒ ...▒
▒▒▒▒▒....▒▒▒▒▒▒▒ ...▒
≈..........≈≈≈▒▒▒...▒
≈...▒........≈≈≈≈▒...▒ ▒▒
........≈▒▒...≈≈≈≈...▒...
...▒▒...▒▒≈.....≈≈≈......
..▒≈≈▒▒..≈≈≈..▒..≈...▒
..≈≈....▒▒≈.▒▒.w...▒
.▒▒≈.▒▒.......6▒.......
... ▒▒▒▒▒▒...▒...).w. ▒
▒...▒...)... ▒...▒.▒.▒...
▒...▒.▒.. ▒▒ ▒...▒.▒ .▒
▒...▒.▒ .▒ ...)▒ ▒▒...▒


You could see a dart slug.

Vanquished Creatures
  2 goblins (D:1)
2 creatures vanquished.

Notes
Turn   | Place    | Note
-------+----------+-------------------------------------------
     0 | D:1      | Jesseh the Demonspawn Wizard began the quest for the Orb.
     0 | D:1      | Reached XP level 1. HP: 13/13 MP: 4/4
    56 | D:1      | HP: 3/13 [dart slug/slug dart (4)]
    63 | D:1      | Killed from afar by a dart slug

Action                   || total
-------------------------++-------
Melee: Unarmed           ||     6
 Cast: Magic Dart        ||     5
Dodge: Dodged            ||     4

Vault maps used:
D:1:      denvon_arrival_waterhouse

Table legend:
 A = Turns spent in this place as a percentage of turns spent in the entire game.
 B = Non-inter-level travel turns spent in this place as a percentage of non-inter-level travel turns spent in the entire game.
 C = Inter-level travel turns spent in this place as a percentage of turns spent in this place.
 D = Turns resting spent in this place as a percentage of non-inter-level travel turns spent in this place.
 E = Turns spent auto-exploring this place as a percentage of non-inter-level travel turns spent in this place.
 F = Non-inter-level travel turns spent in this place divided by the number of levels of this place that you've seen.
                   A       B       C       D       E      F
               +-------+-------+-------+-------+-------+----------------------
         Total | 100.0 | 100.0 |   0.0 |   0.0 |   2.2 |  46.0
       Dungeon | 100.0 | 100.0 |   0.0 |   0.0 |   2.2 |  46.0
               +-------+-------+-------+-------+-------+----------------------

Table legend:
 A = Kills in this place as a percentage of kills in entire the game.
 B = Kills by you in this place as a percentage of kills by you in the entire game.
 C = Kills by friends in this place as a percentage of kills by friends in the entire game.
 D = Other kills in this place as a percentage of other kills in the entire game.
 E = Experience gained in this place as a percentage of experience gained in the entire game.
 F = Experience gained in this place divided by the number of levels of this place that you have seen.
                   A       B       C       D       E      F
               +-------+-------+-------+-------+-------+----------------------
         Total | 100.0 | 100.0 |  -nan |  -nan | 100.0 |   4.0
       Dungeon | 100.0 | 100.0 |  -nan |  -nan | 100.0 |   4.0
               +-------+-------+-------+-------+-------+----------------------
